Map: Ley Lines

Players

Vaisravana - Winner!

  • Race: Zerg Zerg
  • Spawn Location: 7:00

ABN

  • Race: Protoss Protoss
  • League: Diamond
  • Spawn Location: 1:00

VOD

Have the link to the VOD?

Description

Time

  • Played on: July 1, 2025, 9:45 a.m.
  • Length: 9:30
Show
View Real Time Build Order
Export as new Build Order

Vaisravana Zerg - Winner!

Build Orders: Pool First 

Get SALT Encoding   

  12  0:00  Drone  
  13  0:12  Overlord  
  13  0:17  Drone  
  14  0:30  Drone x2  
  16  0:40  Spawning Pool  
  15  0:46  Drone  
  15  0:48  Drone  
  17  1:12  Drone  
  17  1:14  Extractor, Hatchery  
  16  1:29  Zergling x6  
  19  1:34  Queen  
  21  1:41  Drone  
  22  1:52  Overlord  
  22  2:09  Queen  
  22  2:10  Drone  
  22  2:13  Drone  
  22  2:14  Metabolic Boost  
  26  2:27  Drone x2  
  27  2:36  Queen  
  27  2:38  Drone  
  27  2:40  Drone  
  31  2:45  Drone  
  32  3:03  Lair  
  32  3:04  Drone x2  
  34  3:06  Drone  
  35  3:12  Extractor  
  35  3:17  Overlord  
  35  3:19  Drone  
  35  3:21  Overlord  
  35  3:37  Drone x5  
  35  3:38  Drone  
  41  3:50  Spore Crawler  
  41  3:54  Drone x7  
  47  4:02  Hydralisk Den  
  46  4:03  Overlord  
  46  4:20  Drone  
  46  4:21  Drone x2  
  46  4:22  Extractor  
  46  4:23  Drone  
  49  4:25  Overlord  
  49  4:33  Hatchery  
  49  4:34  Grooved Spines, Hydralisk  
  49  4:35  Hydralisk  
  52  4:39  Drone  
  52  4:42  Drone  
  52  4:43  Drone  
  52  4:44  Spore Crawler  
  53  4:51  Hydralisk x2  
  57  5:01  Hydralisk x3  
  57  5:03  Hydralisk  
  65  5:08  Extractor  
  65  5:11  Drone  
  66  5:21  Zergling x6  
  66  5:22  Overlord x2  
  66  5:23  Overlord  
  67  5:35  Muscular Augments  
  67  5:39  Spire  
  67  5:40  Drone  
  67  5:42  Zergling x6  
  70  5:47  Zergling x6  
  72  5:59  Zergling x12  
  78  6:06  Overlord  
  75  6:19  Overlord x2  
  75  6:22  Zergling x14  
  81  6:28  Overlord  
  81  6:30  Overlord  
  80  6:51  Mutalisk x6  
  92  6:56  Mutalisk  
  92  6:58  Mutalisk  
  96  7:10  Drone x2  
  96  7:11  Drone  
  99  7:26  Overlord  
  99  7:27  Drone x6  
  99  7:28  Drone x2  
  99  7:29  Drone  
  107  7:31  Drone  
  107  7:33  Baneling Nest  
  107  7:38  Hydralisk x2  
  107  7:42  Hydralisk  
  113  7:52  Hydralisk x3  
  119  8:05  Overlord  
  119  8:15  Overlord  
  119  8:16  Zergling x26  
  131  8:27  Evolution Chamber  
  131  8:28  Baneling  
  131  8:29  Baneling x12  
  131  8:32  Zergling x4  
  132  8:38  Zergling x8  
  136  8:46  Zergling x12  
  136  8:52  Zergling x2  
  136  8:53  Zergling x6  
  136  9:00  Zergling x2  
  129  9:02  Zergling x2  
  129  9:08  Zergling x22  
Show
View Real Time Build Order
Export as new Build Order

ABN Protoss 

Build Orders: 1 Gate Expand, Oracle Opening 

Get SALT Encoding   

  12  0:00  Probe  
  13  0:12  Probe  
  14  0:20  Pylon  
  14  0:24  Probe  
  15  0:36  Probe  
  15  0:41  Gateway  
  16  0:44  Probe  
  17  0:50  Assimilator  
  17  0:52  Probe  
  18  1:04  Probe  
  19  1:16  Probe  
  20  1:28  Cybernetics Core  
  20  1:39  Nexus  
  20  1:45  Probe  
  21  1:49  Pylon  
  21  1:55  Adept, Assimilator  
  23  2:13  Cybernetics Core  
  23  2:22  Stargate  
  23  2:23  Adept  
  23  2:44  Gateway  
  23  2:53  Pylon  
  23  3:02  Probe  
  23  3:05  Oracle  
  27  3:14  Probe  
  27  3:15  Shield Battery  
  27  3:18  Warp Gate  
  28  3:21  Probe  
  28  3:26  Probe  
  30  3:29  Gateway  
  30  3:34  Probe  
  31  3:36  Oracle  
  31  3:38  Probe  
  35  3:48  Probe  
  35  3:50  Probe  
  35  3:55  Adept  
  39  4:00  Probe  
  40  4:03  Probe  
  41  4:13  Probe  
  42  4:26  Probe  
  42  4:27  Probe  
  44  4:32  Twilight Council  
  44  4:34  Gateway  
  44  4:38  Probe  
  45  4:59  Probe  
  46  5:08  Blink  
  46  5:12  Nexus  
  46  5:15  Pylon  
  46  5:27  Pylon x2  
  46  5:29  Assimilator  
  46  5:33  Probe x2  
  46  5:34  Stalker x2  
  46  5:35  Stalker, Assimilator  
  54  5:41  Shield Battery  
  54  5:56  Probe  
  54  5:57  Probe  
  56  6:07  Stalker x3  
  56  6:09  Probe x2  
  63  6:21  Probe  
  61  6:42  Stalker  
  61  6:54  Pylon x3  
  61  6:56  Pylon  
  61  7:03  Probe  
  62  7:09  Gateway  
  62  7:12  Probe  
  62  7:13  Gateway  
  63  7:16  Stalker x3  
  69  7:45  Stalker x3  
  59  8:10  Stalker x4  
  59  8:11  Stalker  
  69  8:18  Probe x2  
Tags
 
Add a new tag
Caveats
  • Supply blocks, unpowered buildings, or Contaminate may cause inaccurate times.
  • Supply counts are checked every 10 seconds.